 Dungeon Crawl Stone Soup version 0.24-a0-140-gcaa6c10 (webtiles) character file.

Game seed: 3041188580733831162

242 Lanoc the Slasher (level 6, -2/43 HPs)
             Began as an Octopode Monk on Mar 4, 2019.
             Slain by Grinder (3 damage)
             ... while paralysed by Grinder
             ... on level 3 of the Dungeon.
             The game lasted 00:04:00 (2043 turns).

Lanoc the Slasher (Octopode Monk)                   Turns: 2043, Time: 00:04:00

Health: -2/43      AC:  1    Str:  6 (9)  XL:     6   Next: 9%
Magic:  6/6        EV:  2    Int: 12      God:
Gold:   153        SH:  0    Dex: 14 (16) Spells: 5/5 levels left

rFire    . . .     SeeInvis .   a - +0 falchion
rCold    . . .     Gourm    .   (no shield)
rNeg     . . .     Faith    .   (helmet restricted)
rPois    .         Spirit   .   m - amulet of the acrobat
rElec    .         Reflect  .   j - -2 ring of strength (curse)
rCorr    .         Harm     .   (no ring)
MR       .....                  (no ring)
Stlth    +++.......             (no ring)
HPRegen  0.14/turn              (no ring)
MPRegen  0.10/turn              (no ring)
                                (no ring)
                                (no ring)

@: paralysed
A: almost no armour, stealthy swim, amphibious, 8 rings, constrict 8, camouflage
1, gelatinous body 1
a: no special abilities


You were on level 3 of the Dungeon.
You were not hungry.

You visited 1 branch of the dungeon, and saw 3 of its levels.

You collected 153 gold pieces.

Inventory:

Hand Weapons
 a - a +0 falchion (weapon)
Jewellery
 j - a cursed -2 ring of strength (left tentacle)
 m - an amulet of the acrobat (around mantle)
Scrolls
 e - 3 scrolls of random uselessness {unknown}
 h - 4 scrolls of identify {unknown}
 i - a scroll of magic mapping {unknown}
 k - 3 scrolls of noise {unknown}
 l - 4 scrolls of amnesia {unknown}
 n - a scroll of immolation {unknown}
 p - a scroll of enchant weapon {unknown}
 q - a scroll of fog {unknown}
 s - a scroll of remove curse {unknown}
Potions
 c - a potion of ambrosia
 d - a potion of berserk rage {unknown}
 f - a potion of degeneration
 g - a potion of might {unknown}
 o - a potion of heal wounds
 r - a potion of mutation {unknown}
Comestibles
 b - 4 rations


   Skills:
 + Level 4.1 Fighting
 * Level 5.0 Long Blades
 + Level 4.1 Dodging
 - Level 3.0 Stealth


You had 5 spell levels left.
You didn't know any spells.
Your spell library was empty.

Dungeon Overview and Level Annotations

Branches:
Dungeon (3/15)

Altars:
Dithmenos
Xom

Annotations:
D:3 Grinder, Robin


Innate Abilities, Weirdness & Mutations

You cannot wear most types of armour.
You are very stealthy in the water. (Stealth+)
You are amphibious.
You can wear up to eight rings at the same time.
You can use your tentacles to constrict eight enemies at once.
Your skin changes colour to match your surroundings (Stealth+).
Your rubbery body absorbs attacks. (AC +1, EV +1)


Message History

You barely miss Grinder. Grinder closely misses you. The hobgoblin misses you.
You barely miss Grinder.
Robin says, "My army is invincible!"
Grinder gestures at you. You resist with significant effort.
The hobgoblin barely misses you.
You bump into the rock wall.
Grinder gestures at you.
You suddenly lose the ability to move!
The hobgoblin hits you. Grinder hits you!
You writhe in agony.
The hobgoblin hits you.
The goblin no longer looks unusually strong.
Grinder hits you.
The hobgoblin hits you but does no damage.
You feel less invigorated.
You feel less confused. Grinder hits you.
You writhe in agony.
The hobgoblin hits you.
* * * LOW HITPOINT WARNING * * *
Grinder hits you!
* * * LOW HITPOINT WARNING * * *
You writhe in agony.
You die... #.....# #.....# .....# ....# ...## .gg

#g#########.
#g##........
#@#.......#
#5##..#.###
#.....#.#
#####.#.#
#....#.+
###.####.#
#...#....#
###.#.#..#
#...#.##


You could see Grinder, Robin, a hobgoblin and 2 goblins.

Vanquished Creatures
  A hound (D:2)
  An orc priest (D:3)
  Natasha (D:3)
  2 orc wizards (D:3)
  3 adders
  2 oozes
  A dart slug (D:2)
  3 worms
  A leopard gecko (D:3)
  3 orcs (D:3)
  4 giant cockroaches
  13 goblins
  4 hobgoblins
  6 jackals
  A kobold (D:3)
  5 bats
  6 frilled lizards
  A quokka zombie (D:3)
  5 rats
63 creatures vanquished.

Notes
Turn   | Place    | Note
-------+----------+-------------------------------------------
     0 | D:1      | Lanoc the Octopode Monk began the quest for the Orb.
     0 | D:1      | Reached XP level 1. HP: 16/16 MP: 1/1
    96 | D:1      | Reached XP level 2. HP: 13/21 MP: 2/2
   767 | D:2      | Reached XP level 3. HP: 24/26 MP: 3/3
   781 | D:2      | Found a shimmering altar of Xom.
   813 | D:2      | Reached XP level 4. HP: 23/31 MP: 4/4
   915 | D:2      | Reached skill level 4 in Long Blades
   984 | D:2      | Found a shadowy altar of Dithmenos.
  1540 | D:3      | Reached XP level 5. HP: 28/37 MP: 5/5
  1556 | D:3      | HP: 1/37 [orc/+0 hand axe (3)]
  1882 | D:3      | Noticed Natasha
  1888 | D:3      | Killed Natasha
  1888 | D:3      | Reached skill level 5 in Long Blades
  1888 | D:3      | Reached XP level 6. HP: 41/43 MP: 6/6
  2015 | D:3      | Noticed Grinder
  2027 | D:3      | Noticed Robin
  2039 | D:3      | Paralysed by Grinder for 7 turns
  2043 | D:3      | HP: 1/43 [Grinder (9)]
  2043 | D:3      | Slain by Grinder

Levels and vault maps discovered:
D:1:      evilmike_arrival_hilbert_curve, layout_basic, kennysheep_boxes
D:2:      wander_river, layout_rooms, xom_teletrap_fun,
          nicolae_overflow_hidden_temple, kennysheep_generic_room_5
D:3:      layout_basic, moated_statue, minmay_misc_feat_secret_circle,
          grunt_ministairs_15, uniq_natasha, uniq_grinder, uniq_robin

Skill      XL: |  1  2  3  4  5 |
---------------+----------------+-----
Stealth        | 3 |  3.0
Long Blades    | 4 5 |  5.0
Dodging        | 4 |  4.1
Fighting       | 4 |  4.1

Action                   |  1- 3 |  4- 6 || total
-------------------------+-------+-------++-------
Melee: Falchion          |    43 |    99 ||   142
       Constrict         |    13 |    29 ||    42
       Tentacles         |     8 |    17 ||    25
  Use: Potion            |       |     6 ||     6
 Stab: Sleeping          |     3 |     9 ||    12
       Distracted        |     1 |       ||     1
  Eat: Chunk             |       |     4 ||     4
Armor: Skin              |     3 |     6 ||     9
Dodge: Dodged            |    31 |    89 ||   120
       Rpst.: Falchion   |     8 |    35 ||    43

Table legend:
 A = Non-vault XP
 B = Vault XP
 C = Vault XP percentage of total XP
 D = Non-vault monster count
 E = Vault monster count
 F = Vault count percentage of total count
                 A         B        C        D         E       F
            +---------+---------+-------+---------+---------+-------
      Total |     285 |      61 |  17.6 |      53 |      10 |  15.9
            +---------+---------+-------+---------+---------+-------
        D:1 |      30 |       0 |   0.0 |      15 |       0 |   0.0
        D:2 |      85 |      13 |  13.3 |      15 |       1 |   6.2
        D:3 |     170 |      48 |  22.0 |      23 |       9 |  28.1
            +---------+---------+-------+---------+---------+-------
